 Dungeon Crawl Stone Soup version 0.31-a0-1447-g87ca8d402b (webtiles) character file.

Game seed: 16004982009359660287

110 Aldia the Covered (level 4, 0/28 (33) HPs)
             Began as a Human Wanderer on Dec 27, 2023.
             Slain by Terence
             ... wielding a +4 flail of draining
              (3 damage)
             ... while paralysed by Ijyb
             ... on level 3 of the Dungeon.
             The game lasted 00:04:35 (2038 turns).

Aldia the Covered (Human Wanderer)                  Turns: 2038, Time: 00:04:35

HP:   0/28 (33)     AC: 10    Str: 19    XL:     4   Next: 91%
MP:   4/4           EV:  2    Int: 20    God:
Gold: 114           SH:  0    Dex: 12    Spells: 3/3 levels left

rFire   . . .        a - +0 spear
rCold   . . .        (no shield)
rNeg    . . .        b - +2 scale mail
rPois   .            (no helmet)
rElec   .            (no cloak)
rCorr   .            (no gloves)
SInv    .            n - +0 pair of boots
Will    .....        (no amulet) Stlth
                     k - +6 ring of intelligence
HPRegen 0.24/turn    m - +6 ring of intelligence
MPRegen 0.09/turn

%: no passive effects
@: paralysed, lethally poisoned (0 -> -3), heavily drained
A: explore regen
a: no special abilities


You were on level 3 of the Dungeon.
You visited 1 branch of the dungeon, and saw 3 of its levels.

You collected 114 gold pieces.

Inventory:

Hand Weapons
 a - a +0 spear (weapon)
Armour
 b - a +2 scale mail (worn)
 n - a +0 pair of boots (worn)
Jewellery
 k - a +6 ring of intelligence (left hand)
 m - a +6 ring of intelligence (right hand)
Wands
 l - a wand of paralysis (12)
Scrolls
 c - a scroll of fog
 d - 2 scrolls of teleportation
 e - a scroll of immolation {unknown}
 g - a scroll of identify {unknown}
 h - a scroll of fear
 o - a scroll of amnesia {unknown}
Potions
 f - a potion of haste {unknown}
 i - 2 potions of curing {unknown}
 j - a potion of degeneration {unknown}
 p - a potion of brilliance {unknown}


   Skills:
 + Level 1.9 Fighting
 * Level 3.7 Polearms
 + Level 4.6 Armour
 - Level 2.0 Dodging
 - Level 1.0 Stealth
 - Level 1.0 Invocations


You had 3 spell levels left.
You didn't know any spells.
Your spell library was empty.

Dungeon Overview and Level Annotations

Branches:
Dungeon (3/15)

Altars:

Annotations:
D:2 Crazy Yiuf
D:3 1 transporter, Ijyb; Terence; wally255's ghost, amateur GrHu


Innate Abilities, Weirdness & Mutations

You regain HP and MP as you explore.


Message History

Terence the Incautious comes into view.
He is wielding a +4 flail of draining.
You see here a scroll labelled XUMELA WAUK.
You reach to attack!
Terence shouts!
The adder hisses angrily.
You hit the hobgoblin but do no damage.
You hear a shout! x2
You closely miss the hobgoblin.
Ijyb zaps a wand.
You resist with some effort.
The hobgoblin hits you but does no damage.
You hit the hobgoblin.
The hobgoblin is heavily wounded.
Ijyb screams, "No!
No, no, no, no!"
Ijyb zaps a wand.
You resist with some effort. The hobgoblin barely misses you.
You hit the hobgoblin.
You kill the hobgoblin!
The adder completely misses you. The adder bites you but does no damage.
The adder closely misses you.
Ijyb zaps a wand.
You suddenly lose the ability to move!
Terence attacks as he pursues you!
Terence hits you with a +4 flail of draining.
You feel drained. The adder bites you but does no damage.
Terence hits you with a +4 flail of draining!
You feel drained. The adder bites you but does no damage.
Ijyb zaps a wand.
You shrug off the repeated paralysis!
The adder bites you.
You are poisoned.
The adder poisons you!
Terence hits you with a +4 flail of draining.
You feel drained.
You feel sick. The adder bites you but does no damage.
Ijyb zaps a wand.
You resist with some effort.
Terence hits you with a +4 flail of draining.
You feel drained.
* * * LOW HITPOINT WARNING * * *
You feel sick. The adder bites you but does no damage.
Ijyb screams, "I dance on your bones!"
Ijyb hits you with a +3 dagger of holy wrath.
* * * LOW HITPOINT WARNING * * *
Terence says, "Time to say good-bye..."
Terence hits you with a +4 flail of draining.
You die...
Terence says, "Rest in peace."

#........ .###.......#
...........## #
#..........#.#
...#.....#.# ##
#.#?......#
##..#.......#####
##......S@!....... ....
......).g@....### ...
##.......<.....####....
##.#.##............#..
#.#. ###.....####.#.# #
#. ##...## #.#.# ##.##
#.#.#### #.# #.......
#.# #...####
.######.######...#


You could see Ijyb, Terence and an adder.

Vanquished Creatures
  6 adders (D:2)
  A worm (D:2)
  2 orcs (D:3)
  5 endoplasms
  2 giant cockroaches
  9 goblins
  3 hobgoblins
  A jackal (D:2)
  4 quokkas
  6 ball pythons
  6 bats
  4 frilled lizards
  2 kobolds (D:1)
  4 rats
55 creatures vanquished.

Notes
Turn   | Place    | Note
-------+----------+-------------------------------------------
     0 | D:1      | Aldia the Human Wanderer began the quest for the Orb.
     0 | D:1      | Aldia set off with the following items: a +0 spear, a +2
                  | scale mail, a scroll of fog, a scroll of teleportation.
     0 | D:1      | Reached XP level 1. HP: 13/13 MP: 1/1
    54 | D:1      | Reached XP level 2. HP: 12/20 MP: 2/2
   891 | D:2      | Reached skill level 1 in Fighting
   908 | D:2      | Reached XP level 3. HP: 12/26 MP: 3/3
  1393 | D:2      | Reached XP level 4. HP: 30/32 MP: 4/4
  1595 | D:2      | Found a runed translucent door.
  1596 | D:2      | Noticed Crazy Yiuf
  1945 | D:3      | Found a transporter.
  1946 | D:3      | Noticed wally255's ghost (amateur GrHu)
  1964 | D:3      | Noticed an ogre
  2027 | D:3      | Noticed Ijyb
  2027 | D:3      | Noticed Terence
  2034 | D:3      | Paralysed by Ijyb for 5 turns
  2038 | D:3      | Slain by Terence

Illustrated notes

Levels and vault maps discovered:
D:1:      lightli_arrival_chessboard, layout_basic
D:2:      minmay_spotlight, layout_rooms, uniq_crazy_yiuf_cottage
D:3:      layout_loops_ring, nicolae_vehumet_radiance, gammafunk_ghost_smash,
          uniq_robin, uniq_terence, uniq_ijyb

Skill      XL: |  1  2  3 |
---------------+----------+-----
Fighting       | 1 |  1.9
Polearms       | 3 |  3.7
Armour         | |  4.6
Dodging        | |  2.0
Stealth        | |  1.0
Invocations    | |  1.0

Action                     |  1- 3 |  4- 6 || total
---------------------------+-------+-------++-------
  Melee: Spear             |   159 |    85 ||   244
         Punch             |     3 |       ||     3
    Use: Scroll            |       |     2 ||     2
 Armour: Scale mail        |    84 |    50 ||   134
  Dodge: Dodged            |    63 |    39 ||   102

Table legend: (Time is in decaauts)
 A = Elapsed time spent in this place.
 B = Non-inter-level travel time spent in this place.
 C = Inter-level travel time spent in this place.
 D = Time resting spent in this place.
 E = Time spent auto-exploring this place.
 F = Levels seen in this place.
 G = Mean time per level.
                   A        B        C        D        E       F      G
               +--------+--------+--------+--------+--------+-----+--------+
         Total |   2026 |   1978 |     48 |     86 |   1429 |   3 |  675.3 |
       Dungeon |   2026 |   1978 |     48 |     86 |   1429 |   3 |  675.3 |
               +--------+--------+--------+--------+--------+-----+--------+

Top non-repeatable levels by time:
     D:1: 1009 daAuts
     D:2: 889 daAuts
     D:3: 127 daAuts
